 Dungeon Crawl Stone Soup version 0.31-a0-1074-g0b22e4e0f1 (webtiles) character file.

Game seed: 9054323115331939589

18847 croobank the Fighter (level 12, 0/105 HPs)
             Began as a Pale Draconian Shapeshifter on Dec 3, 2023.
             Was an Initiate of Gozag.
             Succumbed to a cane toad's poison
             ... on level 1 of the Lair of Beasts on Dec 4, 2023.
             The game lasted 00:57:33 (17640 turns).

croobank the Fighter (Pale Draconian Shapeshifter) Turns: 17640, Time: 00:57:33

Health: 0/105      AC: 13    Str: 17    XL:     12   Next: 31%
Magic:  23/23      EV: 14    Int: 21    God:    Gozag
Gold:   254        SH:  0    Dex: 11    Spells: 24/26 levels left

rFire   . . .        a - +3 short sword (venom)
rCold   . . .        (no shield)
rNeg    . . .        (body armour unavailable)
rPois   +            (helmet restricted)
rElec   .            m - +1 cloak
rCorr   .            g - +2 pair of gloves {Stlth+}
SInv    .            (no boots)
Will    .....        (no amulet)
Stlth   ++           d - ring of poison resistance
HPRegen 0.37/turn    B - +6 ring of intelligence
MPRegen 0.18/turn

%: no passive effects
@: confused, lethally poisoned (0 -> -20), short of breath, ambrosia-drunk, gold
aura
A: breathe steam, AC +8, unfitting armour, cold-blooded, steam resistance
a: Breathe Steam, Renounce Religion, Potion Petition, Call Merchant, Bribe
Branch


You were on level 1 of the Lair of Beasts.
You worshipped Gozag.
Gozag was aware of your devotion.
You visited 2 branches of the dungeon, and saw 14 of its levels.
You visited 1 bazaar.
You also visited: Ossuary.

You collected 2561 gold pieces.
You spent 1078 gold pieces at shops.
You paid 1229 gold pieces to Gozag.

Inventory:

Hand Weapons
 a - a +3 short sword of venom (weapon)
 b - a +2 sling of flaming
 M - a +2 vampiric trident
Missiles
 x - 17 poisoned darts (quivered)
 I - 9 boomerangs
Armour
 g - a +2 pair of gloves of stealth (worn)
 m - a +1 cloak (worn)
 O - a +0 buckler
Jewellery
 d - a ring of poison resistance (left hand)
 h - a ring of magical power
 o - a ring of flight
 w - a ring of ice
 B - a +6 ring of intelligence (right hand)
 C - a ring of fire
 F - a ring of see invisible
 L - an amulet of the acrobat
Talismans
 c - a flux talisman
 e - a beast talisman
 r - a serpent talisman
Wands
 i - a wand of polymorph (11)
 q - a wand of digging (2)
 t - a wand of paralysis (10)
 z - a wand of flame (52)
 A - a wand of acid (7)
 K - a wand of roots (6)
Scrolls
 p - a scroll of teleportation
 v - 5 scrolls of torment
 y - 7 scrolls of identify
 D - 5 scrolls of poison
 E - a scroll of vulnerability
 G - a scroll of immolation
 H - a scroll of enchant armour
 N - a scroll of enchant weapon
Potions
 f - 3 potions of cancellation
 j - 2 potions of enlightenment
 k - 2 potions of attraction
 l - a potion of mutation
 n - 3 potions of magic
 s - a potion of lignification
 u - a potion of ambrosia
 J - a potion of brilliance


   Skills:
 + Level 9.4 Fighting
 + Level 8.1 Dodging
 + Level 9.1 Unarmed Combat
 + Level 7.6 Spellcasting
 + Level 8.1 Translocations
 + Level 8.3 Shapeshifting


You had 24 spell levels left.
You knew the following spells:

 Your Spells              Type           Power      Damage    Failure   Level
a - Blink                 Tloc           84%        N/A       1%          2

Your spell library contained the following spells:

 Spells                   Type           Power      Damage    Failure   Level
 Lesser Beckoning         Tloc           84%        N/A       1%          2
 Gell's Gravitas          Tloc           42%        N/A       1%          3
 Teleport Other           Tloc           42%        N/A       1%          3
 Manifold Assault         Tloc           42%        N/A       3%          4
 Foxfire                  Conj/Fire      32%        2x1d5     9%          1
 Sting                    Tmut/Pois      32%        1d4       9%          1
 Poisonous Vapours        Pois/Air       16%        N/A       12%         2
 Sublimation of Blood     Necr           8%         N/A       12%         2
 Wereblood                Tmut           8%         N/A       12%         2
 Dispersal                Tloc           21%        N/A       41%         6
 Olgreb's Toxic Radiance  Pois           8%         N/A       63%         4
 Petrify                  Tmut/Erth      8%         N/A       63%         4
 Borgnjor's Vile Clutch   Necr/Erth      4%         N/A       92%         5
 Irradiate                Conj/Tmut      4%         3d13      92%         5
 Death Channel            Necr           4%         N/A       100%        6
 Summon Hydra             Summ           4%         N/A       100%        7
 Animate Dead             Necr           Unusable   N/A       N/A         4

Dungeon Overview and Level Annotations

Branches:
Dungeon (13/15)            Temple (0/1) D:5            Lair (1/5) D:9
    Orc (0/2) D:12        Ossuary (visited)
 Vaults: D:13-14

Altars:
Cheibriados
Elyvilon
Fedhas
Gozag
Makhleb
Ru
Uskayaw
Xom
Zin
The Shining One

Shops:
D:4 :   D:7 [   D:9 *   D:10 [

Annotations:
D:3 1 runed translucent door, Crazy Yiuf


Innate Abilities, Weirdness & Mutations

You can breathe blasts of scalding, opaque steam.
Your pale cyan-grey scales are hard. (AC +8)
You cannot fit into any form of body armour.
You are cold-blooded and may be slowed by cold attacks.
You are immune to the effects of steam.


Message History

The yak is engulfed in a cloud of scalding steam.
You kill the yak!
You hear a loud, deep croak!
Okay, then.
Search for what [Enter for "shield", or ? for help]? curing Can't find anything matching that.
Unknown command.
Search for what [Enter for "curing", or ? for help]?
Okay, then.
You are confused.
You feel invigorated.
* * * LOW HITPOINT WARNING * * *
You feel extremely sick.
The blink frog gives a loud, deep croak!
The blink frog is engulfed in a cloud of scalding steam.
You kill the blink frog!
The cane toad closely misses you. The cane toad stings you!
* * * LOW HITPOINT WARNING * * *
Okay, then.
Okay, then.
Okay, then.
You remove your ring of fire.
* * * LOW HITPOINT WARNING * * *
You feel very sick.
The blink frog gives a loud, deep croak!
d - a ring of poison resistance (left hand)
* * * LOW HITPOINT WARNING * * *
You feel very sick.
The blink frog is distracted by your dazzling golden aura.
The cane toad stings you but does no damage.
Okay, then.
Unknown command.
Unknown command.
You are too confused!
You are too confused!
Unknown command.
You hit the cane toad but do no damage.
The cane toad is moderately wounded.
You die...
Your body crumbles into a pile of gold.

##.#. ...... #
#..§#. ##### ....#
######+## #....
.F.##P......# #....
#§.##......####
#....
#$Y.......##.###....
##F+......#.........
##@F.....'.####....
##......### ##P##
#P.###### #### ####
# ## #. #. #. #.


You could see a yak, a cane toad (very poisoned) and 2 blink frogs.

Vanquished Creatures
  A boulder beetle (D:8)
  3 death yaks (D:9)
  A tengu warrior (D:8)
  4 centaur warriors
  Pikel (D:7)
  An ugly thing (D:12)
  A manticore (D:13)
  Maurice (D:7)
  Joseph (D:9)
  2 gargoyles
  A cane toad (Lair:1)
  6 trolls
  A blink frog (Lair:1)
  4 slime creatures (D:12)
  A wyvern (D:7)
  21 yaks
  A steam dragon (D:6)
  A warg (D:12)
  A water moccasin (D:8)
  7 orc warriors
  An ice beast (D:8)
  2 ogres
  7 centaurs
  3 wolves (Lair:1)
  A lemure (D:7)
  A kobold brigand (D:8)
  9 bullfrogs
  4 scorpions
  3 elf skeletons (D:6)
  3 water moccasin zombies (Ossuary)
  4 wights (D:9)
  19 killer bees
  A howler monkey (D:7)
  3 hounds
  4 jellies
  8 orc priests
  A gnoll bouda (D:8)
  A human zombie (D:6)
  Ijyb (D:3)
  Natasha (thrice) (D:4)
  4 iguanas
  9 orc wizards
  2 mummies (Ossuary)
  4 adders
  8 gnolls
  2 shadow imps
  2 ufetubi (D:5)
  4 adder zombies (Ossuary)
  2 worms (D:4)
  4 dart slugs
  37 orcs
  7 endoplasms
  2 giant cockroaches (D:4)
  9 goblins
  3 hobgoblins
  4 jackals (D:2)
  2 quokkas
  9 ball pythons
  4 bats
  2 frilled lizards
  9 gnoll zombies (Ossuary)
  3 hobgoblin zombies (Ossuary)
  12 kobolds
  2 kobold zombies (Ossuary)
  2 orc skeletons (D:6)
  7 orc zombies (Ossuary)
  5 rats
299 creatures vanquished.

Vanquished Creatures (others)
  An acid dragon (D:8)
  An orc (D:6)
2 creatures vanquished.

Grand Total: 301 creatures vanquished

Notes
Turn   | Place    | Note
-------+----------+-------------------------------------------
     0 | D:1      | croobank the Draconian Shapeshifter began the quest for the
                  | Orb.
     0 | D:1      | Reached XP level 1. HP: 16/16 MP: 1/1
    72 | D:1      | Found a faded altar of an unknown god.
   366 | D:1      | Reached XP level 2. HP: 23/23 MP: 2/2
  1206 | D:2      | Reached XP level 3. HP: 29/29 MP: 3/3
  1233 | D:2      | Learned a level 2 spell: Blink
  1587 | D:2      | Reached XP level 4. HP: 33/36 MP: 4/4
  1762 | D:3      | Reached skill level 1 in Translocations
  1859 | D:3      | Noticed Ijyb
  1875 | D:3      | Killed Ijyb
  1876 | D:3      | Reached skill level 1 in Spellcasting
  1876 | D:3      | Reached XP level 5. HP: 42/42 MP: 6/6
  2091 | D:3      | Found a runed translucent door.
  2092 | D:3      | Noticed Crazy Yiuf
  2237 | D:3      | Found a glowing golden altar of the Shining One.
  2238 | D:3      | Found an opulent altar of Gozag.
  2245 | D:3      | Found a sacrificial altar of Ru.
  2247 | D:3      | Became a worshipper of Gozag Ym Sagoz the Greedy
  2249 | D:3      | Found a snail-covered altar of Cheibriados.
  2526 | D:4      | Reached XP level 6. HP: 51/51 MP: 8/8
  2531 | D:4      | Noticed Natasha
  2549 | D:4      | Killed Natasha
  2709 | D:4      | Found a hide-covered altar of Uskayaw.
  2898 | D:4      | Found Bytyset's Tiny Tomes.
  2903 | D:4      | Bought the Book of Assaults for 44 gold pieces
  2942 | D:4      | Noticed Natasha
  2959 | D:4      | Killed Natasha
  3010 | D:4      | Noticed Natasha
  3029 | D:4      | Killed Natasha
  3354 | D:5      | Entered Level 5 of the Dungeon
  3432 | D:5      | Your scales start taking on a pale cyan-grey colour.
  3432 | D:5      | Reached XP level 7. HP: 42/57 MP: 10/10
  3432 | D:5      | Gained mutation: You are immune to the effects of steam.
                  | [Pale Draconian growth]
  3819 | D:5      | Found a staircase to the Ecumenical Temple.
  3886 | D:5      | Identified the +1 ring mail of the Evening {rElec Will+}
  4565 | D:6      | Reached XP level 8. HP: 58/67 MP: 12/12
  4571 | D:6      | Found a sand-covered staircase.
  4577 | Ossuary  | Entered an ossuary
  4685 | Ossuary  | Reached skill level 5 in Unarmed Combat
  4954 | D:6      | Reached skill level 5 in Shapeshifting
  5009 | D:6      | Found a shimmering altar of Xom.
  5012 | D:6      | Found a glowing silver altar of Zin.
  5012 | D:6      | Found a burning altar of Makhleb.
  5165 | D:6      | Reached skill level 5 in Fighting
  5408 | D:7      | Found Jup Boer's Armour Shop.
  5676 | D:7      | Noticed Pikel
  5785 | D:7      | Reached XP level 9. HP: 48/74 MP: 15/15
  6126 | D:7      | Paralysed by Pikel for 5 turns
  6138 | D:7      | Killed Pikel
  6139 | D:7      | Reached skill level 5 in Dodging
  6179 | D:7      | Noticed Maurice
  6195 | D:7      | Something stole a ring of magical power
  6289 | D:7      | Killed Maurice
  6527 | D:7      | Reached skill level 5 in Translocations
  6534 | D:7      | Identified the +5 chain mail of Such {rElec Will+ Stlth-}
  7542 | D:8      | Reached skill level 5 in Spellcasting
  7700 | D:8      | Reached XP level 10. HP: 61/84 MP: 17/17
  8534 | D:8      | Noticed a centaur warrior
  8537 | D:8      | Noticed a boulder beetle
  8544 | D:8      | Killed a centaur warrior
  8833 | D:8      | Killed a boulder beetle
  8926 | D:8      | Noticed a centaur warrior
  8932 | D:8      | Killed a centaur warrior
  8965 | D:8      | Noticed a centaur warrior
  8997 | D:8      | Noticed a tengu warrior
  9012 | D:8      | Killed a centaur warrior
  9028 | D:8      | Killed a tengu warrior
  9379 | D:8      | Found a blossoming altar of Fedhas.
  9381 | D:8      | Found a white marble altar of Elyvilon.
  9854 | D:9      | Noticed a centaur warrior
  9870 | D:9      | Killed a centaur warrior
  9871 | D:9      | Reached XP level 11. HP: 17/94 MP: 20/20
 10232 | D:9      | Found a staircase to the Lair.
 10232 | D:9      | Noticed a death yak
 10232 | D:9      | Noticed a death yak
 10244 | D:9      | Noticed a death yak
 10250 | D:9      | Killed a death yak
 10257 | D:10     | Entered Level 10 of the Dungeon
 11012 | D:9      | Noticed Joseph
 11017 | D:9      | Paralysed by Joseph for 2 turns
 11029 | D:9      | Killed Joseph
 11093 | D:9      | Found Oskixubb's Assorted Antiques.
 11128 | D:9      | Bought a scroll of identify for 50 gold pieces
 11128 | D:9      | Bought a scroll of identify for 50 gold pieces
 11128 | D:9      | Bought a scroll of identify for 50 gold pieces
 11768 | D:9      | Killed a death yak
 11778 | D:9      | HP: 4/95 [death yak (13)]
 12217 | D:9      | Killed a death yak
 13569 | D:10     | Found Pocaimam's Armour Boutique.
 13979 | D:9      | Bought a scroll of enchant armour for 187 gold pieces
 15413 | D:12     | Reached XP level 12. HP: 44/104 MP: 22/22
 15424 | D:12     | Found a flickering gateway to a bazaar.
 15436 | Bazaar   | Entered a bazaar
 15693 | Bazaar   | Found Ynifruc's Jewellery Boutique.
 15702 | Bazaar   | Found Datiduc's Assorted Antiques.
 15714 | Bazaar   | Found Ojill's Assorted Antiques.
 15723 | Bazaar   | Found Giyptyarr's General Store.
 15746 | Bazaar   | Bought a lumpy golden potion for 17 gold pieces
 15746 | Bazaar   | Bought an ivory wand for 76 gold pieces
 15796 | Bazaar   | Bought a ring of fire for 350 gold pieces
 15796 | Bazaar   | Bought a ring of see invisible for 210 gold pieces
 15823 | Bazaar   | Bought a scroll of immolation for 44 gold pieces
 16570 | D:12     | Found a staircase to the Orcish Mines.
 17188 | D:11     | You fall into a shaft and drop 2 floors!
 17219 | D:13     | Noticed a centaur warrior
 17278 | D:13     | Noticed a centaur warrior
 17378 | Lair:1   | Entered Level 1 of the Lair of Beasts
 17637 | Lair:1   | HP: 4/105 [cane toad (15)]
 17639 | Lair:1   | HP: 1/105 [poisoned by a cane toad]
 17640 | Lair:1   | Succumbed to a cane toad's poison

Illustrated notes

Levels and vault maps discovered:
D:1:      elethiomel_arrival_infinity_welcomes_careful_drivers, layout_basic,
          hellmonk_ecumenical_altar_heavens_door
D:2:      layout_loops_ring, minmay_split_cup_large
D:3:      layout_rooms, nicolae_overflow_macrodata_refinement, minmay_ruptured,
          uniq_ijyb, uniq_crazy_yiuf_cottage
D:4:      layout_loops_ring, mainiacjoe_overflow_concentric_impassable,
          minmay_misc_feat_secret_circle, grunt_ministairs_9,
          kennysheep_nondescript, nicolae_shop_i_like_small_books_too,
          uniq_natasha
D:5:      layout_rooms, temple_green
D:6:      layout_loops_cross, grunt_temple_overflow_open,
          nicolae_ossuary_entry_catacombs, ebering_dispersal_statue_hall
D:7:      layout_cave_pools, serial_shops, nicolae_stop_n_shop_1,
          item_on_display_a, uniq_maurice, uniq_pikel
D:8:      layout_loops_ring, mainiacjoe_overflow_catwalk_spiral,
          minmay_shattered_shrine
D:9:      layout_roguey, dpeg_lair_monsters, serial_shops, shop,
          serial_corexii_hall, corexii_hall_statues_x, corexii_hall_statues_x,
          minmay_misc_feat_ornament, uniq_joseph
D:10:     layout_gridville, serial_shops, nicolae_shop_window_shopping
D:11:     layout_rooms
D:12:     layout_stronghold, david_orc_1_choice, serial_shops, bzr_firewalk,
          gauntlet_entry_generic
D:13:     layout_cave_pods, serial_shops,
          nicolae_shop_temple_entry_statues_fountains,
          chequers_serial_rivers_micro_a, nicolae_uskayaw_en_pointe, uniq_lodul
Lair:1:   layout_roguey, basic_altar

Skill      XL: |  1  2  3  4  5  6  7  8  9 10 11 12 |
---------------+-------------------------------------+-----
Dodging        | 2 3 4 5 6 7 8 |  8.1
Fighting       | 2 3 4 5 6 7 9 |  9.4
Translocations | 1 2 3 4 5 6 7 8 |  8.1
Spellcasting   | 1 2 3 4 5 6 7 |  7.6
Unarmed Combat | 4 5 6 7 8 9 |  9.1
Shapeshifting  | 4 5 6 7 8 |  8.3

Action                     |  1- 3 |  4- 6 |  7- 9 | 10-12 || total
---------------------------+-------+-------+-------+-------++-------
  Melee: Unarmed           |     3 |       |       |       ||     3
         Short sword       |       |    19 |    47 |   446 ||   512
         Tailslap          |       |       |     6 |    86 ||    92
         Punch             |       |       |       |    31 ||    31
   Fire: Sling             |    84 |   171 |   317 |    19 ||   591
  Throw: Dart              |       |       |       |     4 ||     4
 Invoke: Potion Petition   |       |       |       |     1 ||     1
Ability: Breathe Steam     |       |       |    41 |    56 ||    97
  Evoke: Wand              |       |       |     3 |    24 ||    27
    Use: Potion            |       |     1 |     2 |    16 ||    19
         Scroll            |       |       |    14 |    26 ||    40
   Stab: Paralysed         |       |       |     1 |    29 ||    30
         Sleeping          |       |       |       |     3 ||     3
         Invisible         |       |       |       |     1 ||     1
 Armour: Skin              |    23 |    80 |   222 |   514 ||   839
  Dodge: Dodged            |    22 |    67 |   201 |   422 ||   712
         Form:             |     1 |       |       |       ||     1
         Flux              |     1 |       |       |       ||     1

Table legend: (Time is in decaauts)
 A = Elapsed time spent in this place.
 B = Non-inter-level travel time spent in this place.
 C = Inter-level travel time spent in this place.
 D = Time resting spent in this place.
 E = Time spent auto-exploring this place.
 F = Levels seen in this place.
 G = Mean time per level.
                   A        B        C        D        E       F      G
               +--------+--------+--------+--------+--------+-----+--------+
         Total |  17884 |  17287 |    597 |   6266 |   7631 |  16 | 1117.8 |
       Dungeon |  16989 |  16393 |    596 |   5812 |   7476 |  13 | 1306.8 |
          Lair |    260 |    260 |      0 |    190 |     33 |   1 |  260.0 |
        Bazaar |    387 |    387 |      0 |    245 |     45 |   1 |  387.0 |
       Ossuary |    246 |    246 |      0 |     18 |     77 |   1 |  246.0 |
               +--------+--------+--------+--------+--------+-----+--------+

Top non-repeatable levels by time:
     D:9: 2848 daAuts
    D:10: 2630 daAuts
     D:8: 2224 daAuts
     D:7: 1842 daAuts
    D:12: 1284 daAuts
     D:5: 1122 daAuts
     D:6: 1065 daAuts
     D:1: 998 daAuts
     D:4: 986 daAuts
     D:3: 746 daAuts
     D:2: 715 daAuts
    D:11: 428 daAuts
  Bazaar: 387 daAuts
  Lair:1: 260 daAuts
 Ossuary: 246 daAuts
